 Dungeon Crawl Stone Soup version 0.30.1-4-g462c640d31 (webtiles) character file.

Game seed: 13839311715413037597

20 MagicManICT the Digger (level 3, -1/26 HPs)
             Began as a Meteoran Earth Elementalist on Aug 27, 2023.
             Slain by a goblin
             ... wielding a +0 dagger
              (3 damage)
             ... on level 2 of the Dungeon.
             The game lasted 00:10:10 (1054 turns).

MagicManICT the Digger (MeEE)                       Turns: 1054, Time: 00:10:11

Health: -1/26      AC:  0    Str:  9    XL:     3   Next: 14%
Magic:  8/8        EV: 13    Int: 18    God:
Gold:   89         SH:  0    Dex: 15    Spells: 5/8 levels left

rFire   . . .        n - +0 quarterstaff
rCold   . . .        (shield currently unavailable)
rNeg    . . .        (no body armour)
rPois   .            (no helmet)
rElec   .            (no cloak)
rCorr   +            (no gloves)
SInv    .            (no boots)
Will    .....        (no amulet)
Stlth   +            t - ring of resist corrosion
HPRegen 0.24/turn    (no ring)
MPRegen 0.11/turn

%: no passive effects
@: glowing
A: sense surroundings 1, otherworldly, glowing, explore regen
a: no special abilities


You were on level 2 of the Dungeon.
You visited 1 branch of the dungeon, and saw 2 of its levels.

You collected 89 gold pieces.

Inventory:

Hand Weapons
 f - a +0 dagger
 g - a +0 hand axe
 n - a +0 quarterstaff (weapon)
Missiles
 j - 8 poisoned darts
 q - 5 javelins
Armour
 a - a +0 robe
 l - a +0 leather armour
Jewellery
 t - a ring of resist corrosion (left hand)
Scrolls
 d - 2 scrolls of identify {unknown}
 h - a scroll of magic mapping {unknown}
 i - a scroll of immolation {unknown}
 k - 2 scrolls of brand weapon {unknown}
 m - 2 scrolls of vulnerability {unknown}
 p - a scroll of amnesia {unknown}
 u - a scroll of noise {unknown}
Potions
 b - a potion of magic
 c - a potion of mutation {unknown}
 e - 4 potions of curing {unknown}
 o - a potion of might {unknown}
 r - a potion of brilliance {unknown}
 s - a potion of lignification {unknown}


   Skills:
 + Level 2.7 Dodging
 + Level 1.5 Stealth
 + Level 3.1 Spellcasting
 + Level 1.2 Transmutations
 + Level 4.2 Earth Magic


You had 5 spell levels left.
You knew the following spells:

 Your Spells              Type           Power      Damage    Failure   Level
a - Sandblast             Erth           36%        2d10      2%          1
b - Passwall              Tmut/Erth      10%        N/A       8%          2

Your spell library contained the following spells:

 Spells                   Type           Power      Damage    Failure   Level
 Stone Arrow              Conj/Erth      20%        3d8       21%         3
 Petrify                  Tmut/Erth      12%        N/A       45%         4


Dungeon Overview and Level Annotations

Branches:
Dungeon (2/15) Zot: 134

Altars:

Annotations:
D:2 1 runed translucent door, Crazy Yiuf


Innate Abilities, Weirdness & Mutations

You passively map a small area around you.
You are easily found by Zot.
You glow in the dark.
You regain HP and MP as you explore.


Message History

The bat hits you. The bat hits you. The bat hits you. The bat hits you.
The bat hits you. The bat hits you. The bat attacks as you move away!
The bat closely misses you. The bat hits you. The bat attacks as you move away!
The bat hits you. The bat closely misses you. The bat closely misses you.
The bat hits you.
Casting: Sandblast (safe; 2% risk of failure)
Confirm with . or Enter, or press ? or * to list all spells.
Aiming: Sandblast (safe; 2% risk of failure)
Press: ? - help, Shift-Dir - straight line, f/p - goblin
Aim: a goblin, wielding a +0 dagger and wearing the +13 plate armour of Hopscotch {Contam Will++ MP+9 Int+3} (84% to hit)
The blast of sand misses the bat.
The blast of sand hits the goblin but does no damage.
The bat misses you. The bat hits you. The goblin attacks as you move away!
The goblin hits you with a +0 dagger. The bat closely misses you.
The bat misses you. The bat attacks as you move away!
The bat closely misses you. The bat hits you. The bat attacks as you move away!
The bat barely misses you. x2
The goblin attacks as you move away! The goblin hits you with a +0 dagger.
* * * LOW HITPOINT WARNING * * *
The bat misses you. The goblin attacks as you move away!
The goblin closely misses you. The bat attacks as you move away!
The bat closely misses you. The bat hits you.
* * * LOW HITPOINT WARNING * * *
The bat completely misses you. The bat barely misses you.
The bat attacks as you move away! The bat hits you.
* * * LOW HITPOINT WARNING * * *
The bat barely misses you. The goblin attacks as you move away!
The goblin hits you with a +0 dagger.
* * * LOW HITPOINT WARNING * * *
The bat attacks as you move away! The bat misses you. The bat hits you.
* * * LOW HITPOINT WARNING * * *
The goblin attacks as you move away! The goblin hits you with a +0 dagger.
You die...

..............##
#รท.)...
..###..........#
#......
..###..........######
#......
.........>..........#
#......
###.....)...........#
#......
#.................#
#......
#.................#
#......
#....##.###.......#
##..... #....##.#
#...@...# #.....
#....##.###...g.b.####
#.....
#######.##...........#
######
#.##...........#
#.##...........#
#...........# #######
#...........# #.....#
#...........##
#.....####.###.......#


You could see a goblin and a bat.

Vanquished Creatures
  A giant cockroach (D:1)
  4 goblins
  2 hobgoblins (D:1)
  4 jackals (D:1)
  4 ball pythons
  A bat (D:2)
  A frilled lizard (D:1)
  A rat (D:2)
18 creatures vanquished.

Notes
Turn   | Place    | Note
-------+----------+-------------------------------------------
     0 | D:1      | MagicManICT the Meteoran Earth Elementalist began the quest
                  | for the Orb.
     0 | D:1      | Reached XP level 1. HP: 14/14 MP: 5/5
    60 | D:1      | Reached XP level 2. HP: 18/20 MP: 0/6
    63 | D:1      | Learned a level 2 spell: Passwall
   208 | D:1      | Reached skill level 4 in Earth Magic
   493 | D:1      | Glimpsed the power of Zot.
   542 | D:1      | Glimpsed the power of Zot.
   573 | D:2      | Reached XP level 3. HP: 26/26 MP: 6/8
   716 | D:2      | Found a runed translucent door.
   717 | D:2      | Noticed Crazy Yiuf
   998 | D:2      | Identified the +13 plate armour of Hopscotch {Contam Will++
                  | MP+9 Int+3}
  1054 | D:2      | Slain by a goblin

Illustrated notes

Levels and vault maps discovered:
D:1:      amcnicky_arrival_abandoned_market, layout_basic
D:2:      layout_basic, dk_vineyard_2, minmay_rat_gold_closets,
          uniq_crazy_yiuf_cottage

Skill      XL: |  1  2 |
---------------+-------+-----
Spellcasting   | 3 |  3.1
Earth Magic    | 4 |  4.2
Dodging        | |  2.7
Stealth        | |  1.5
Transmutations | |  1.2

Action                     || total
---------------------------++-------
   Cast: Sandblast         ||    26
 Armour: Robe              ||     2
  Dodge: Dodged            ||    46
